 Dungeon Crawl Stone Soup version 0.27-a0-1136-g0b992a5a9d (webtiles) character file.

Game seed: 6994232410383404721

367 Anon1729 the Skirmisher (level 6, 0/49 HPs)
             Began as a Demonspawn Berserker on May 4, 2021.
             Was a Believer of Trog.
             Slain by an ogre
             ... wielding a +0 giant club
              (30 damage)
             ... on level 4 of the Dungeon.
             The game lasted 00:03:11 (3160 turns).

Anon1729 the Skirmisher (Demonspawn Berserker)      Turns: 3160, Time: 00:03:11

Health: 0/49       AC:  3    Str: 19    XL:     6   Next: 41%
Magic:  6/6        EV: 13    Int:  9    God:    Trog [**....]
Gold:   48         SH:  0    Dex: 12    Spells: 5/5 levels left

rFire    . . .     SeeInvis .   a - +0 hand axe
rCold    . . .     Faith    .   (no shield)
rNeg     . . .     Spirit   .   h - +0 robe {Will+}
rPois    .         Reflect  .   (helmet restricted)
rElec    .         Harm     .   (no cloak)
rCorr    .         Rampage  .   l - +0 pair of gloves
Will     +....                  (no boots)
Stlth    +.........             (no amulet)
HPRegen  0.16/turn              (no ring)
MPRegen  0.20/turn              (no ring)

@: no status effects
A: hooves 1, horns 1, powered by pain 2, magic regeneration
a: Renounce Religion, Berserk, Trog's Hand


You were on level 4 of the Dungeon.
You worshipped Trog.
Trog was pleased with you.
You visited 1 branch of the dungeon, and saw 4 of its levels.

You collected 147 gold pieces.
You spent 99 gold pieces at shops.

Inventory:

Hand Weapons
 a - a +0 hand axe (weapon)
Armour
 h - a +0 robe of willpower (worn)
 l - a +0 pair of gloves (worn)
Jewellery
 q - a ring of see invisible
Wands
 s - a wand of flame (24)
Scrolls
 d - a scroll of enchant weapon {unknown}
 f - a scroll of blinking {unknown}
 g - a scroll of identify {unknown}
 j - a scroll of magic mapping {unknown}
 n - a scroll of teleportation {unknown}
 o - a scroll of holy word {unknown}
 p - a scroll of enchant armour {unknown}
Potions
 b - a potion of lignification
 c - 4 potions of brilliance {unknown}
 e - a potion of heal wounds {unknown}
 i - a potion of curing
 k - a potion of mutation {unknown}
 m - a potion of attraction
 r - a potion of might {unknown}


   Skills:
 + Level 4.4 Fighting
 + Level 4.0 Axes
 + Level 3.4 Armour
 + Level 3.4 Dodging


You had 5 spell levels left.
You didn't know any spells.
Your spell library was empty.

Dungeon Overview and Level Annotations

Branches:
Dungeon (3/15)

Altars:

Shops:
D:2 !


Innate Abilities, Weirdness & Mutations

You have large cloven feet.
You have a pair of small horns on your head.
You sometimes gain power by taking damage.
You regenerate magic rapidly.


Message History

The centaur skeleton closely misses you.
The centaur skeleton kicks you but does no damage.
The hound bites you.
You hit the centaur skeleton. You headbutt the centaur skeleton.
The centaur skeleton is heavily damaged.
You barely miss the hound. The hound barely misses you.
The centaur skeleton hits you but does no damage.
The centaur skeleton barely misses you.
You hit the centaur skeleton.
The centaur skeleton is severely damaged.
You hit the hound but do no damage. The hound bites you but does no damage.
The centaur skeleton completely misses you.
The centaur skeleton kicks you but does no damage.
The hound bites you. The centaur skeleton misses you.
The centaur skeleton kicks you but does no damage.
You hit the centaur skeleton. You kick the centaur skeleton.
You headbutt the centaur skeleton.
The centaur skeleton is almost destroyed.
You hit the hound but do no damage. The hound bites you.
The centaur skeleton completely misses you.
The centaur skeleton kicks you but does no damage.
The hound misses you.
You hit the centaur skeleton.
You destroy the centaur skeleton!
Trog accepts your kill.
You barely miss the hound. You barely miss the ogre.
The hound barely misses you. The ogre barely misses you.
You hit the hound.
The hound is moderately wounded.
You hit the ogre.
The hound bites you. x2; The ogre closely misses you.
You hit the hound but do no damage. You kick the hound.
The hound is heavily wounded.
You hit the ogre. The hound closely misses you. The hound bites you.
You hit the hound but do no damage. You kick the hound.
Your headbutt misses the hound.
The hound is severely wounded.
You hit the ogre.
The ogre hits you with a +0 giant club!!
Ouch! That really hurt!
You die...

.........##.............
.........##.............
.).......###............
.........####..##.#####.
.......... ##.##.# #.
.........#+###.†#.# #.
..............).#.# #.
..................# #.
.......@..........# #.
.......hO#.#####..# #.
...###.....# ##.# #. ..
#.##### #.# #. . #. #.##
#. #. #..# #) #. #..# #.
'. #..## #. #...# #.


You could see an ogre and a hound.

Vanquished Creatures
  Sigmund (D:2)
  A phantom (D:4)
  A hound (D:3)
  A centaur skeleton (D:4)
  2 adders (D:2)
  2 worms
  A dart slug (D:1)
  An orc (D:4)
  3 ball pythons
  A bat (D:1)
  2 bat skeletons (D:2)
  A bat zombie (D:2)
  2 endoplasms
  3 giant cockroaches
  A hobgoblin (D:2)
  7 jackals
  2 quokkas
  A ball python skeleton (D:2)
  2 frilled lizards (D:1)
  4 goblins
  4 kobolds
  7 rats
50 creatures vanquished.

Vanquished Creatures (others)
  2 withered plants (D:2)
2 creatures vanquished.

Grand Total: 52 creatures vanquished

Notes
Turn   | Place    | Note
-------+----------+-------------------------------------------
     0 | D:1      | Anon1729 the Demonspawn Berserker began the quest for the
                  | Orb.
     0 | D:1      | Reached XP level 1. HP: 18/18 MP: 1/1
    33 | D:1      | Found a faded altar of an unknown god.
   524 | D:1      | Gained mutation: You regenerate magic rapidly. [demonic
                  | ancestry]
   524 | D:1      | Reached XP level 2. HP: 15/24 MP: 2/2
  1507 | D:2      | Gained mutation: You sometimes gain a little power by
                  | taking damage. [demonic ancestry]
  1507 | D:2      | Reached XP level 3. HP: 29/29 MP: 3/3
  1846 | D:2      | Noticed Sigmund
  1859 | D:2      | Killed Sigmund
  1860 | D:2      | Gained mutation: You sometimes gain power by taking damage.
                  | [demonic ancestry]
  1860 | D:2      | Reached XP level 4. HP: 32/37 MP: 4/4
  1860 | D:2      | Gained mutation: You have large cloven feet. [demonic
                  | ancestry]
  1860 | D:2      | Reached XP level 5. HP: 37/42 MP: 5/5
  1993 | D:2      | Found Ymionto's Distillery.
  2001 | D:2      | Bought a potion of lignification for 33 gold pieces
  2001 | D:2      | Bought a potion of curing for 33 gold pieces
  2129 | D:2      | Reached ** piety under Trog
  2642 | D:2      | Bought a potion of attraction for 33 gold pieces
  2819 | D:3      | You fall into a shaft and drop 1 floor!
  2848 | D:4      | Noticed a phantom
  2862 | D:4      | Killed a phantom
  2863 | D:4      | Gained mutation: You have a pair of small horns on your
                  | head. [demonic ancestry]
  2863 | D:4      | Reached XP level 6. HP: 49/49 MP: 6/6
  3160 | D:4      | Slain by an ogre

Illustrated notes

Levels and vault maps discovered:
D:1:      saegor_arrival_simple_a, layout_loops_ring,
          shapermc_ecumenical_altar_starsandcircs, minmay_tromino_i4
D:2:      layout_basic, serial_undead, serial_undead_d, serial_undead_b,
          serial_undead_e, serial_undead_e, serial_shops, shop, uniq_sigmund
D:3:      layout_loops_cross, minmay_quadrilaterals
D:4:      layout_basic, nicolae_ru_path_of_blood, grunt_decor_one_mirror

Skill      XL: |  1  2  3  4  5 |
---------------+----------------+-----
Armour         | 2 3 |  3.4
Dodging        | 2 3 |  3.4
Axes           | 3 4 |  4.0
Fighting       | 4 |  4.4

Action                   |  1- 3 |  4- 6 || total
-------------------------+-------+-------++-------
Melee: Hand axe          |    89 |    75 ||   164
       Kick              |       |    22 ||    22
       Headbutt          |       |     6 ||     6
Invok: Berserk           |     3 |     1 ||     4
 Stab: Sleeping          |       |     2 ||     2
Armor: Animal skin       |    25 |       ||    25
       Robe              |       |    21 ||    21
Dodge: Dodged            |    64 |    86 ||   150

Table legend: (Time is in decaauts)
 A = Elapsed time spent in this place.
 B = Non-inter-level travel time spent in this place.
 C = Inter-level travel time spent in this place.
 D = Time resting spent in this place.
 E = Time spent auto-exploring this place.
 F = Levels seen in this place.
 G = Mean time per level.
                   A        B        C        D        E       F      G
               +--------+--------+--------+--------+--------+-----+--------+
         Total |   3226 |   3152 |     74 |    179 |   2581 |   4 |  806.5 |
       Dungeon |   3226 |   3152 |     74 |    179 |   2581 |   4 |  806.5 |
               +--------+--------+--------+--------+--------+-----+--------+

Top non-repeatable levels by time:
     D:2: 1647 daAuts
     D:1: 1059 daAuts
     D:4: 357 daAuts
     D:3: 161 daAuts
